General information
- name: BNet
- type: Ladder team game (AT/RT)
- host: Battle.net
- saver: SPQR
map: Battleground
- players: 8
- length: 68:33
- speed: Fast
- version: 1.26 W3XP
- replay type: Public
» download(334 KB)
Players
team 1 (loser)

»
ASKIFIGIVAFUK (
pink | 49 APM | 791 actions | 16:01)
1 Keeper of the Grove
1 Entangling Roots
» actions
| Basic commands | 1 | |
| Build / train | 48 | |
| Enter build submenu | 36 | |
| Enter hero's abilities submenu | 1 | |
| Remove unit from queue | 1 | |
| Right click | 363 | |
| Select / deselect | 251 | |
| Use ability | 90 | |
791 total
» units
» upgrades
| Ultravision | 1 | |
| Strength of the Moon | 1 | |
| Nature's Blessing | 1 | |
3 total
» buildings
| Hunter's Hall | 1 | |
| Moon Well | 5 | |
| Ancient Protector | 19 | |
| Tree of Ages | 1 | |
| Altar of Elders | 1 | |
| Ancient of Lore | 2 | |
| Tree of Life | 1 | |
30 total
» build order
00:38 Hunter's Hall
00:47 Moon Well
02:19 Ancient Protector
02:50 Ancient Protector
03:20 Ancient Protector
03:40 Ancient Protector
04:04 Ancient Protector
04:28 Ancient Protector
04:35 Moon Well
04:58 Ancient Protector
05:15 Ancient Protector
05:35 Ancient Protector
06:10 Ancient Protector
06:15 Ancient Protector
06:48 Ancient Protector
06:52 Ancient Protector
06:59 Ancient Protector
07:03 Ancient Protector
08:11 Ancient Protector
08:14 Tree of Ages
08:33 Altar of Elders
10:36 Ancient Protector
10:40 Ancient Protector
10:47 Ancient of Lore
10:56 Ancient of Lore
10:59 Ancient Protector
11:45 Moon Well
12:37 Moon Well
13:42 Moon Well
15:13 Tree of Life
SPQR (
blue | 96 APM | 6611 actions | 68:33)
11 Archmage
3 Summon Water Elemental
3 Brilliance Aura
2 Mass Teleport
3 Blizzard
» actions
| Assign group hotkey | 387 | |
| Basic commands | 161 | |
| Build / train | 144 | |
| Enter build submenu | 65 | |
| Enter hero's abilities submenu | 11 | |
| Give item / drop item | 13 | |
| Remove unit from queue | 6 | |
| Right click | 1821 | |
| Select / deselect | 1075 | |
| Select group hotkey | 2718 | |
| Use ability | 210 | |
6611 total
» units
| Peasant | 20 | |
| Footman | 3 | |
| Rifleman | 29 | |
| Dragonhawk Rider | 6 | |
| Priest | 4 | |
62 total
» upgrades
| Gunpowder | 3 | |
| Lumber Harvesting | 2 | |
| Long Rifles | 1 | |
| Masonry | 3 | |
| Armor | 3 | |
| Magic Sentry | 1 | |
| Animal War Training | 1 | |
| Swords | 3 | |
| Cloud | 1 | |
| Moon Armor | 0 | |
| Storm Hammers | 1 | |
| Plating | 3 | |
| Priest Training | 2 | |
24 total
» buildings
| Altar of Kings | 1 | |
| Barracks | 4 | |
| Farm | 11 | |
| Blacksmith | 1 | |
| Arcane Vault | 1 | |
| Keep | 1 | |
| Lumber Mill | 3 | |
| Town Hall | 5 | |
| Scout Tower | 46 | |
| Guard Tower | 17 | |
| Arcane Tower | 2 | |
| Castle | 1 | |
| Arcane Sanctum | 1 | |
| Gryphon Aviary | 3 | |
97 total
» build order
00:51 Altar of Kings
00:53 Barracks
01:01 Farm
01:07 Farm
01:09 Farm
01:51 Farm
02:34 Blacksmith
03:17 Arcane Vault
03:55 Farm
04:55 Keep
05:30 Farm
06:09 Barracks
06:15 Lumber Mill
07:07 Lumber Mill
08:33 Farm
08:44 Town Hall
08:47 Scout Tower
08:48 Scout Tower
08:49 Scout Tower
08:50 Scout Tower
08:54 Scout Tower
08:55 Scout Tower
08:56 Scout Tower
08:57 Scout Tower
09:01 Scout Tower
09:04 Scout Tower
09:05 Scout Tower
09:10 Scout Tower
10:06 Guard Tower
10:40 Guard Tower
10:41 Guard Tower
11:33 Guard Tower
11:39 Scout Tower
11:40 Scout Tower
11:43 Arcane Tower
12:00 Scout Tower
12:09 Guard Tower
12:11 Guard Tower
12:13 Guard Tower
12:35 Guard Tower
12:39 Guard Tower
13:10 Town Hall
14:34 Scout Tower
14:39 Scout Tower
14:40 Scout Tower
14:41 Scout Tower
14:41 Scout Tower
14:45 Scout Tower
14:46 Scout Tower
14:47 Scout Tower
14:48 Scout Tower
14:49 Scout Tower
14:49 Scout Tower
14:51 Scout Tower
14:52 Scout Tower
15:44 Arcane Tower
15:45 Guard Tower
18:14 Scout Tower
18:15 Scout Tower
18:17 Scout Tower
18:17 Scout Tower
18:20 Guard Tower
18:24 Scout Tower
18:25 Scout Tower
18:27 Scout Tower
19:17 Guard Tower
20:34 Guard Tower
21:06 Castle
21:09 Scout Tower
21:11 Scout Tower
21:11 Scout Tower
21:17 Scout Tower
21:18 Scout Tower
21:18 Scout Tower
21:32 Lumber Mill
21:43 Arcane Sanctum
22:02 Guard Tower
23:38 Guard Tower
25:19 Barracks
25:21 Barracks
28:35 Farm
28:36 Farm
28:37 Farm
28:37 Farm
29:10 Town Hall
32:01 Gryphon Aviary
32:04 Gryphon Aviary
32:05 Gryphon Aviary
32:42 Scout Tower
32:42 Scout Tower
32:44 Scout Tower
32:46 Scout Tower
32:49 Scout Tower
33:17 Guard Tower
33:22 Guard Tower
41:59 Town Hall
42:34 Town Hall
» items
| Scroll of Regeneration | 7 | |
| Tome of Retraining | 1 | |
| Periapt of Vitality | 3 | |
| Potion of Lesser Invulnerability | 1 | |
| Staff of Teleportation | 1 | |
| Scroll of Protection | 1 | |
14 total

»
maximumjizz (
yellow | 21 APM | 1382 actions | 65:42)
6 Dark Ranger
3 Black Arrow
2 Life Drain
1 Charm
1 Priestess of the Moon
1 Trueshot Aura
» actions
| Assign group hotkey | 18 | |
| Build / train | 56 | |
| Enter build submenu | 24 | |
| Enter hero's abilities submenu | 7 | |
| Give item / drop item | 2 | |
| Remove unit from queue | 5 | |
| Right click | 499 | |
| Select / deselect | 320 | |
| Select group hotkey | 409 | |
| Use ability | 42 | |
1382 total
» units
| Wisp | 22 | |
| Archer | 5 | |
| Chimaera | 5 | |
| Forest Troll Shadow Priest | 1 | |
33 total
» upgrades
| Improved Bows | 1 | |
| Strength of the Wild | 2 | |
| Corrosive Breath | 1 | |
4 total
» buildings
| Altar of Elders | 2 | |
| Moon Well | 7 | |
| Ancient of War | 2 | |
| Tree of Ages | 1 | |
| Tree of Eternity | 1 | |
| Ancient of Wind | 1 | |
| Chimaera Roost | 3 | |
| Hunter's Hall | 1 | |
| Tree of Life | 6 | |
24 total
» build order
00:03 Altar of Elders
00:16 Moon Well
00:36 Moon Well
01:35 Ancient of War
01:59 Ancient of War
03:04 Tree of Ages
03:57 Moon Well
04:56 Moon Well
05:30 Tree of Eternity
05:39 Ancient of Wind
09:00 Chimaera Roost
09:01 Chimaera Roost
09:03 Chimaera Roost
09:05 Moon Well
09:06 Moon Well
09:55 Hunter's Hall
16:13 Tree of Life
19:42 Tree of Life
20:23 Tree of Life
21:39 Tree of Life
28:46 Tree of Life
31:50 Tree of Life
32:06 Moon Well
33:35 Altar of Elders
» items
| Boots of Speed | 1 | |
| Potion of Healing | 2 | |
3 total
iHero_Only (
orange | 20 APM | 1366 actions | 68:33)
4 Keeper of the Grove
2 Force of Nature
2 Entangling Roots
3 Naga Sea Witch
2 Forked Lightning
1 Frost Arrows
» actions
| Assign group hotkey | 17 | |
| Basic commands | 89 | |
| Build / train | 44 | |
| Enter build submenu | 20 | |
| Enter hero's abilities submenu | 7 | |
| Right click | 445 | |
| Select / deselect | 355 | |
| Select group hotkey | 303 | |
| Use ability | 86 | |
1366 total
» units
| Wisp | 15 | |
| Druid of the Claw | 8 | |
| Dryad | 2 | |
25 total
» upgrades
| Strength of the Wild | 3 | |
| Reinforced Hides | 1 | |
| Druid of the Claw Training | 2 | |
| Mark of the Claw | 1 | |
7 total
» buildings
| Altar of Elders | 2 | |
| Moon Well | 7 | |
| Hunter's Hall | 2 | |
| Ancient of Wonders | 1 | |
| Ancient Protector | 3 | |
| Tree of Ages | 1 | |
| Ancient of Lore | 3 | |
| Tree of Eternity | 1 | |
| Tree of Life | 1 | |
21 total
» build order
00:12 Altar of Elders
00:16 Altar of Elders
00:19 Moon Well
01:20 Hunter's Hall
01:24 Hunter's Hall
01:35 Moon Well
02:07 Ancient of Wonders
02:44 Ancient Protector
02:50 Ancient Protector
03:30 Tree of Ages
04:38 Moon Well
05:45 Moon Well
06:00 Ancient of Lore
06:06 Ancient of Lore
06:14 Ancient of Lore
07:01 Ancient Protector
07:06 Tree of Eternity
12:10 Moon Well
13:35 Moon Well
14:31 Moon Well
18:37 Tree of Life
» items
team 2 (winner)

»
Rome (
purple | 71 APM | 4900 actions | 68:33)
8 Death Knight
3 Death Coil
3 Unholy Aura
1 Animate Dead
1 Death Pact
8 Lich
3 Frost Nova
3 Frost Armor
1 Death and Decay
1 Dark Ritual
» actions
| Assign group hotkey | 89 | |
| Basic commands | 226 | |
| Build / train | 193 | |
| ESC pressed | 5 | |
| Enter build submenu | 60 | |
| Enter hero's abilities submenu | 17 | |
| Give item / drop item | 4 | |
| Right click | 1878 | |
| Select / deselect | 951 | |
| Select group hotkey | 1266 | |
| Use ability | 211 | |
4900 total
» units
| Acolyte | 22 | |
| Ghoul | 9 | |
| Crypt Fiend | 12 | |
| Forest Troll Shadow Priest | 2 | |
| Obsidian Statue | 6 | |
| Necromancer | 4 | |
| Abomination | 3 | |
| Gargoyle | 10 | |
| Meatwagon | 4 | |
72 total
» upgrades
| Creature Attack | 3 | |
| Creature Carapace | 3 | |
| Web | 1 | |
| Burrow | 1 | |
| Ghoul Frenzy | 1 | |
| Necromancer Training | 2 | |
| Disease Cloud | 1 | |
| Skeletal Longevity | 1 | |
| Destroyer Form | 1 | |
| Unholy Strength | 3 | |
| Unholy Armor | 3 | |
| Stone Form | 1 | |
| Banshee Training | 2 | |
| Cannibalize | 1 | |
| Exhume Corpses | 1 | |
| Backpack | 1 | |
| Skeletal Mastery | 1 | |
27 total
» buildings
| Altar of Darkness | 1 | |
| Ziggurat | 32 | |
| Crypt | 2 | |
| Graveyard | 1 | |
| Tomb of Relics | 1 | |
| Nerubian Tower | 15 | |
| Halls of the Dead | 4 | |
| Black Citadel | 2 | |
| Necropolis | 6 | |
| Spirit Tower | 26 | |
| Slaughterhouse | 1 | |
| Temple of the Damned | 1 | |
92 total
» build order
00:09 Altar of Darkness
00:12 Ziggurat
00:37 Crypt
00:57 Graveyard
01:15 Ziggurat
01:26 Tomb of Relics
01:37 Nerubian Tower
05:03 Halls of the Dead
05:03 Halls of the Dead
05:53 Ziggurat
08:35 Black Citadel
08:36 Black Citadel
08:39 Necropolis
08:51 Ziggurat
10:14 Ziggurat
10:17 Ziggurat
10:21 Ziggurat
10:23 Ziggurat
11:21 Spirit Tower
11:21 Spirit Tower
11:23 Nerubian Tower
11:23 Nerubian Tower
11:37 Spirit Tower
12:16 Necropolis
12:40 Slaughterhouse
13:15 Ziggurat
13:18 Ziggurat
13:20 Ziggurat
13:55 Ziggurat
13:58 Ziggurat
14:12 Spirit Tower
14:13 Nerubian Tower
14:13 Nerubian Tower
14:14 Spirit Tower
14:14 Spirit Tower
14:49 Spirit Tower
14:50 Spirit Tower
14:50 Spirit Tower
14:51 Spirit Tower
16:03 Temple of the Damned
18:14 Crypt
18:44 Ziggurat
18:56 Ziggurat
19:56 Necropolis
20:03 Ziggurat
20:59 Nerubian Tower
21:00 Nerubian Tower
21:05 Ziggurat
22:02 Spirit Tower
22:30 Spirit Tower
22:31 Spirit Tower
26:51 Ziggurat
26:53 Ziggurat
26:54 Ziggurat
27:52 Necropolis
28:53 Ziggurat
28:56 Ziggurat
28:59 Ziggurat
29:05 Nerubian Tower
29:05 Nerubian Tower
30:08 Spirit Tower
31:31 Spirit Tower
31:31 Spirit Tower
31:34 Spirit Tower
31:34 Nerubian Tower
31:35 Spirit Tower
33:40 Ziggurat
33:41 Ziggurat
33:42 Ziggurat
33:43 Ziggurat
35:14 Necropolis
37:00 Ziggurat
37:08 Ziggurat
37:09 Ziggurat
37:12 Ziggurat
38:11 Nerubian Tower
38:12 Spirit Tower
38:12 Spirit Tower
38:13 Spirit Tower
53:54 Ziggurat
64:04 Necropolis
» items
| Rod of Necromancy | 3 | |
| Boots of Speed | 2 | |
| Staff of Teleportation | 2 | |
| Sacrificial Skull | 2 | |
| Orb of Corruption | 1 | |
| Scroll of Town Portal | 2 | |
| Potion of Lesser Invulnerability | 2 | |
| Periapt of Vitality | 2 | |
16 total

»
agoodnoob (
teal | 36 APM | 1421 actions | 39:10)
2 Shadow Hunter
1 Hex
1 Healing Wave
1 Pit Lord
1 Rain of Fire
» actions
| Build / train | 51 | |
| Enter build submenu | 21 | |
| Enter hero's abilities submenu | 3 | |
| Remove unit from queue | 9 | |
| Right click | 933 | |
| Select / deselect | 366 | |
| Use ability | 38 | |
1421 total
» units
| Peon | 13 | |
| Troll Headhunter/Berserker | 3 | |
| Grunt | 1 | |
| Demolisher | 1 | |
| Troll Batrider | 12 | |
| Raider | -4 | |
26 total
» upgrades
| Ranged Weapons | 2 | |
| Armor | 1 | |
| Troll Regeneration | 1 | |
| Liquid Fire | 1 | |
5 total
» buildings
| Altar of Storms | 1 | |
| Orc Burrow | 5 | |
| War Mill | 1 | |
| Barracks | 1 | |
| Voodoo Lounge | 1 | |
| Stronghold | 1 | |
| Watch Tower | 1 | |
| Fortress | 1 | |
| Spirit Lodge | 1 | |
| Beastiary | 3 | |
16 total
» build order
00:15 Altar of Storms
00:17 Orc Burrow
01:12 War Mill
01:42 Barracks
02:17 Orc Burrow
02:36 Voodoo Lounge
03:39 Stronghold
04:11 Watch Tower
05:24 Orc Burrow
06:05 Fortress
06:10 Spirit Lodge
08:55 Beastiary
09:26 Beastiary
09:35 Beastiary
09:38 Orc Burrow
17:33 Orc Burrow
» items
| Potion of Healing | 2 | |
| Scroll of Speed | 1 | |
| Potion of Mana | 1 | |
4 total
menotalk (
green | 58 APM | 1073 actions | 18:22)
4 Blademaster
2 Wind Walk
2 Critical Strike
» actions
| Assign group hotkey | 27 | |
| Build / train | 43 | |
| Enter build submenu | 12 | |
| Enter hero's abilities submenu | 4 | |
| Give item / drop item | 2 | |
| Right click | 498 | |
| Select / deselect | 204 | |
| Select group hotkey | 197 | |
| Use ability | 86 | |
1073 total
» units
» buildings
| Altar of Storms | 1 | |
| Orc Burrow | 4 | |
| Barracks | 3 | |
| Voodoo Lounge | 1 | |
| Stronghold | 1 | |
| War Mill | 1 | |
| Beastiary | 2 | |
13 total
» build order
00:08 Altar of Storms
00:11 Orc Burrow
00:32 Barracks
01:48 Orc Burrow
02:06 Voodoo Lounge
02:52 Stronghold
04:11 Orc Burrow
04:36 War Mill
05:29 Beastiary
05:31 Beastiary
05:54 Orc Burrow
06:24 Barracks
15:02 Barracks
» items
| Scroll of Speed | 2 | |
| Healing Salve | 2 | |
| Boots of Speed | 1 | |
| Circlet of Nobility | 1 | |
| Potion of Healing | 4 | |
| Potion of Mana | 2 | |
| Scroll of Town Portal | 1 | |
13 total

»
Killer_clown (
red | 26 APM | 1769 actions | 68:33)
5 Priestess of the Moon
3 Searing Arrows
1 Trueshot Aura
1 Scout
6 Keeper of the Grove
2 Entangling Roots
3 Force of Nature
1 Tranquility
» actions
| Assign group hotkey | 10 | |
| Basic commands | 8 | |
| Build / train | 65 | |
| Enter build submenu | 24 | |
| Enter hero's abilities submenu | 11 | |
| Give item / drop item | 4 | |
| Remove unit from queue | 3 | |
| Right click | 1064 | |
| Select / deselect | 490 | |
| Select group hotkey | 18 | |
| Use ability | 71 | |
1769 total
» units
| Wisp | 14 | |
| Huntress | 6 | |
| Chimaera | 10 | |
| Hippogryph | 4 | |
34 total
» upgrades
| Strength of the Moon | 1 | |
| Corrosive Breath | 1 | |
| Strength of the Wild | 2 | |
| Reinforced Hides | 1 | |
| Ultravision | 1 | |
| Moon Armor | 1 | |
7 total
» buildings
| Altar of Elders | 1 | |
| Moon Well | 9 | |
| Ancient of War | 2 | |
| Hunter's Hall | 1 | |
| Tree of Ages | 1 | |
| Tree of Eternity | 1 | |
| Ancient of Wind | 1 | |
| Ancient of Wonders | 1 | |
| Chimaera Roost | 2 | |
| Ancient Protector | 2 | |
21 total
» build order
00:15 Altar of Elders
00:22 Moon Well
01:07 Ancient of War
01:49 Hunter's Hall
02:20 Moon Well
02:31 Moon Well
03:02 Ancient of War
03:56 Tree of Ages
06:21 Tree of Eternity
07:29 Ancient of Wind
07:34 Ancient of Wonders
07:37 Moon Well
07:41 Moon Well
08:46 Chimaera Roost
08:51 Chimaera Roost
11:38 Moon Well
12:53 Moon Well
22:48 Moon Well
22:53 Ancient Protector
22:57 Ancient Protector
25:19 Moon Well
» items
| Scroll of Town Portal | 2 | |
| Lesser Clarity Potion | 2 | |
| Healing Salve | 1 | |
| Potion of Mana | 1 | |
6 total
Chat log
(02:14 / All) SPQR: a lot better than I think I am
(02:19 / All) SPQR: they call me the working man
(02:22 / All) SPQR: cuz I guess that's what I am
(02:48 / Allies) SPQR: gold wood?
(03:40 / All) Rome: sick creeping bro
(03:46 / Allies) iHero_Only: lawl
(11:24 / All) Rome: I guess he was watching porn
(11:50 / All) SPQR: need to start upgrading towers quicker lol
(12:28 / Allies) SPQR: wood
(14:47 / Allies) iHero_Only: tp pnk
(14:51 / Allies) iHero_Only: blu go plz
(16:07 / Allies) iHero_Only: blu do something omg
(19:18 / Allies) SPQR: WOOD PLEASE
(20:38 / Allies) iHero_Only: gold plz
(21:22 / Allies) iHero_Only: gold plz
(21:38 / Allies) iHero_Only: gold!!!!
(22:58 / Allies) iHero_Only: y
(23:02 / Allies) iHero_Only: unroot?
(23:07 / Allies) iHero_Only: stupid
(23:26 / Allies) iHero_Only: blue come
(23:32 / Allies) iHero_Only: fuck we need u asshole
(23:44 / Allies) SPQR: I can tp stupid
(23:50 / Allies) maximumjizz: gold please blue
(23:58 / Allies) iHero_Only: welll im losing unit waiting 4 u to tp
(24:27 / Allies) iHero_Only: go u idiot
(25:58 / Allies) iHero_Only: wtf blue u suck so much dik!
(26:10 / All) iHero_Only: omg i got retard on my team
(26:43 / Allies) iHero_Only: dude u suck dick
(26:49 / Allies) iHero_Only: fuckin get grphs
(26:55 / Allies) iHero_Only: omg
(27:02 / All) SPQR: orange says I suck dick and should get griffs lol
(27:04 / Allies) iHero_Only: u got 6000 gold go do it!!!
(27:10 / All) SPQR: not dhawks, griffs
(27:15 / Allies) iHero_Only: wtf u got now u retard
(27:26 / Allies) iHero_Only: then go for that then u idoit
(27:43 / All) Killer_clown: Haha... You're tearing up my chims
(27:45 / Allies) iHero_Only: get fuckin hawks then all u got is rifles
(28:03 / Allies) iHero_Only: really?
(30:28 / Allies) iHero_Only: yes walk pass each other
(31:11 / Allies) maximumjizz: worthless
(31:43 / Allies) iHero_Only: yellow rebuild
(32:00 / Allies) maximumjizz: cant be protected
(32:46 / Allies) iHero_Only: y nt blue
(32:50 / Allies) iHero_Only: do something
(33:01 / Allies) maximumjizz: blue give me gold please
(33:03 / Allies) maximumjizz: i gave you wood
(33:10 / Allies) SPQR: I sure hope you didn't bro
(33:14 / Allies) SPQR: I'm not gay bro
(33:20 / Allies) iHero_Only: lol
(33:23 / Allies) maximumjizz: awesome
(33:46 / Allies) iHero_Only: hey guys give me wood
(33:53 / Allies) iHero_Only: tp
(34:09 / Allies) maximumjizz: fucking worthless blue
(34:13 / Allies) maximumjizz: fucking worthless
(34:22 / Allies) SPQR: stop being so harsh bro
(35:04 / All) Killer_clown: GIVE ME GOLD BITCH ASS PRICK PURP
(35:20 / All) Rome: That's not how you should ask
(35:22 / All) iHero_Only: dont worry blue is just as jew
(35:23 / All) Rome: Say please
(35:36 / All) Killer_clown: Please
(35:39 / All) Killer_clown: (:
(35:47 / All) Rome: Apologise for what you said
(35:55 / All) Killer_clown: FUCK YOU PRICK
(36:07 / All) Killer_clown: BITCH
(36:10 / All) Rome: You should have apologised
(36:12 / All) Rome: for being so rude
(36:16 / All) Rome: That's now how a lady should act
(36:18 / All) Killer_clown: You should suck my dick
(36:23 / All) Rome: "should"
(36:56 / All) Killer_clown: Yeah Purps fault
(37:19 / All) iHero_Only: haha no more map hack teal
(37:28 / All) agoodnoob: i had a god run
(37:40 / Allies) iHero_Only: yellow rebuild
(37:45 / Allies) iHero_Only: no more bats
(37:47 / Allies) maximumjizz: not enough gold
(37:48 / All) agoodnoob: fiucked you for awhile
(37:51 / Allies) maximumjizz: and blue wont give me any
(38:07 / Allies) iHero_Only: blue give me gold cuz im hungry
(38:14 / All) Killer_clown: I'M A CENTAUR BITCH
(38:17 / Allies) SPQR: you can't even use the gold
(38:23 / All) Rome: I can chase your hero forever
(38:24 / Allies) maximumjizz: i could
(38:26 / Allies) SPQR: how?
(38:29 / Allies) iHero_Only: give me and i show u
(38:31 / Allies) SPQR: you don't have any wisps
(38:33 / All) Killer_clown: Leggo
(38:36 / Allies) maximumjizz: oh i did
(38:38 / Allies) maximumjizz: you killed it
(38:38 / Allies) iHero_Only: give me and i show u
(38:39 / Allies) maximumjizz: thats nice
(39:07 / All) Killer_clown: Fuck you blue
(39:35 / All) iHero_Only: lol tk?
(39:36 / All) Killer_clown: This bitch purp doesn't know how to play correcly
(39:41 / All) Rome: Oh?'
(39:45 / All) Killer_clown: please destroy him
(39:54 / All) SPQR: he knows that you should try to expand rather than beg for gold
(40:00 / All) SPQR: I always find that to be the better polcy
(40:04 / All) Rome: I got three expos and almost 7k
(40:07 / All) iHero_Only: blue is the only one left and hes trying to raise a community of rifles
(40:32 / All) SPQR: I'm multicultural, I have elves riding on dragon hawks as well
(40:41 / All) iHero_Only: lol
(40:51 / Allies) iHero_Only: take out expos atleast
(40:58 / Allies) SPQR: What for?
(41:06 / All) Killer_clown: Hey Purp
(41:10 / All) iHero_Only: hes competing for ur land
(41:20 / All) Killer_clown: Give me 300 gold so you can chase my hero again ^.^
(41:29 / All) SPQR: We are two halves of the same empire
(41:38 / All) Killer_clown: Jk
(41:46 / All) Killer_clown: You destroyed all my wells
(41:47 / All) SPQR: I am the Senate and People of Rome
(41:47 / All) Killer_clown: fucker
(42:03 / All) Rome: Well, I *am* Rome.
(42:09 / All) iHero_Only: ooooo
(42:14 / All) Killer_clown: That's badass
(42:15 / All) Rome: Want 8,000 gold purple?
(42:16 / All) iHero_Only: challenging blue?
(42:27 / All) Rome: I already have it, purple
(42:35 / All) Rome: Want 8,000 gold, red?
(42:38 / All) Rome: You have nothing, red
(42:42 / All) Killer_clown: yes(:
(42:44 / All) Killer_clown: Please
(42:46 / All) Killer_clown: (:
(42:50 / All) Killer_clown: Ily
(42:59 / All) Killer_clown: But no
(43:06 / All) Killer_clown: you destroy my base instead
(43:08 / All) Rome: I'll give you 8k gold for 9k wood
(43:17 / All) Killer_clown: Hehe
(43:19 / All) Killer_clown: no
(43:27 / All) SPQR: Orange what will you do with gold?
(43:37 / All) SPQR: |You haven't any means to use it
(43:40 / Allies) iHero_Only: hows it doing yellow
(43:48 / Allies) maximumjizz: just hanging
(43:50 / All) Rome: Thanks for the shop red. I can buy clarity potions
(43:53 / Allies) maximumjizz: im going to go drink a beer
(43:54 / Allies) iHero_Only: lol
(44:01 / All) Killer_clown: You are so welcome
(44:30 / All) Rome: ACOLYTE HARASS
(44:53 / All) maximumjizz: lol hes only sending one rifle
(45:00 / All) iHero_Only: purp destroy blue hes afk
(45:06 / All) Killer_clown: DO IT
(45:09 / All) Killer_clown: QUICK
(45:33 / All) Killer_clown: Here's my shop
(45:37 / All) Killer_clown: closer to home
(45:39 / All) Killer_clown: (:
(45:40 / All) Rome: Thanks bro
(45:41 / All) Rome: Good man
(45:54 / All) iHero_Only: atk purp with ur shop
(45:59 / All) Killer_clown: jk
(46:02 / All) Killer_clown: you die
(46:19 / All) Killer_clown: No shop for you
(46:28 / All) Rome: I'm so hurt :(
(46:33 / All) Rome: Now how shall I win?
(46:42 / All) iHero_Only: yes plz
(46:49 / All) Killer_clown: Should've gave me gold
(46:54 / All) Killer_clown: we would've already won
(46:59 / All) Rome: I gave you 7 gold bro
(47:01 / All) Rome: and then 300
(47:02 / All) iHero_Only: same here
(47:06 / All) Killer_clown: 307
(47:08 / All) Killer_clown: :O
(47:25 / All) Killer_clown: I hadn't realized the level of your compassion
(48:27 / All) Killer_clown: Still have a hunter's hall
(48:29 / All) Killer_clown: bitch
(48:31 / All) Rome: I know
(48:35 / All) Rome: It's good for you
(48:42 / All) Rome: Upgrade something please
(48:46 / All) Killer_clown: Upgrading my ultravision
(48:50 / All) Rome: FUCK
(48:51 / All) Rome: I lost
(48:57 / All) Rome: ultravision is gay op
(49:07 / All) Killer_clown: We're on the same team
(49:09 / All) Killer_clown: Go win
(49:10 / All) Killer_clown: For me
(49:14 / All) Killer_clown: <3
(49:17 / All) Rome: 10 ACOLYTE HARASS
(49:57 / All) Killer_clown: I'm feeling good today
(50:04 / All) Killer_clown: so i'll be nice
(50:10 / All) Killer_clown: here's some wood purp
(51:32 / Allies) iHero_Only: blue mass tower him
(52:14 / All) Killer_clown: Make a big ass skeleton army
(52:17 / All) Killer_clown: do it
(52:20 / All) Killer_clown: and you win
(52:43 / Allies) iHero_Only: kill them
(56:52 / All) Rome: I got 99/100
(56:55 / All) Rome: four control groups
(57:11 / All) Killer_clown: Sweet
(57:23 / All) Rome: Red, will you be willing to leave your computer on all night for the win?
(57:39 / All) Killer_clown: For sure
(57:46 / All) Killer_clown: i'm just chilling on facebook
(57:48 / All) iHero_Only: i am, im paying xbox right now
(57:54 / All) Killer_clown: and watching porn
(57:54 / Allies) iHero_Only: playing
(57:57 / Allies) iHero_Only: same
(57:59 / All) Killer_clown: it's all good
(58:06 / All) Rome: Okay, good
(58:12 / All) Rome: You have been hoaxed. Blue and I were in this together
(58:14 / All) Rome: We will kill everything
(58:17 / All) Rome: including our own stuff
(58:20 / All) Rome: and leave two buildings left
(58:26 / All) Rome: so neither side can kill the other
(58:29 / All) Rome: Best internet wins
(58:31 / All) Rome: Sound fair?
(58:32 / All) iHero_Only: blue just forfeit
(58:37 / All) iHero_Only: he killing main
(58:47 / All) SPQR: I have not yet begun to fight
(58:51 / All) Rome: so no side can kill the other
(58:54 / All) Rome: best internet wins
(59:00 / All) Rome: last man to leave leaves victorious
(59:14 / All) iHero_Only: he just killed al his main
(59:17 / All) Killer_clown: This sounds like a terrible waste of life
(59:24 / All) iHero_Only: we got 1 min to win
(59:33 / All) SPQR: that doesn't make us lose lol
(59:38 / All) SPQR: that just reveals us
(60:56 / All) iHero_Only: now reveal ur side purp
(61:26 / All) Rome: You had towers
(61:28 / All) Rome: fucking cheater
(62:01 / All) iHero_Only: civil war?
(62:12 / All) iHero_Only: rome fighing the two halves
(63:00 / Allies) iHero_Only: rebuild hero
(63:09 / All) Rome: I would have won that if not for your towers fucking with my positioning
(63:20 / All) SPQR: 12 food left lol
(63:25 / All) Rome: Turncoat, you said there would be a fair fight
(63:28 / All) SPQR: you started before I awas ready lawl
(63:28 / All) Rome: You rigged the fight
(63:36 / All) SPQR: how so
(63:40 / All) Rome: yeah and your towers fucked with the pathing and positioning
(63:44 / All) Rome: ud battles are all about positioning
(63:47 / All) SPQR: you hit me outside of green's old base
(63:47 / All) Rome: your towers fucked with both
(63:53 / All) SPQR: while my hero wasn't there
(63:55 / All) Rome: yeah? and your towers attacked and kill two units
(63:59 / All) Rome: and rerouted my positioning
(64:04 / All) SPQR: well you attacked outside of green's lol
(64:06 / All) SPQR: that's your fault
(64:15 / All) SPQR: that wasn't designated battle ground
(64:26 / All) Rome: It's never your fault
(64:33 / All) Rome: Killing my lich wasn't your fault
(64:34 / All) Rome: apparently
(64:36 / All) SPQR: How can it possibly be my fault? I said green's old base
(64:45 / All) SPQR: huh
(64:52 / All) SPQR: I said green's old base lol
(64:53 / All) Rome: I figured you meant right outside of it
(64:58 / All) SPQR: not my expansion near towers
(65:08 / All) SPQR: my hero wasn't even there when you started attacking
(65:15 / All) Rome: If we did it directly in the base it would have been even less fair because the first one to go in it would have worse position
(65:25 / All) Rome: ud fights are all about position, you fucked with mine via not killing the towers
(65:28 / All) SPQR: you could have set your position
(65:32 / All) Rome: that could have killed a misrallied garg for example
(65:58 / All) SPQR: You had element of surprise
(66:09 / All) Rome: doesn't do shit if I have to pull back two control groups
(66:12 / All) Rome: because towers are raping them
(66:18 / All) SPQR: Your meat wagons were laying waste to my rifles before I knew you were even attacking
(66:30 / All) Rome: they were autoattacking the towers
(66:33 / All) Rome: and one died to them altogether
(66:53 / All) SPQR: Monsieur, how do you figure this is my fault
(66:55 / All) Rome: your army was 100/100 plus six towers in that fight, mine was 94/100 because your towers killed part of it
(67:15 / All) Rome: You should have killed the towers so this couldn't happen
(67:17 / All) SPQR: I said green's old base, and you attacked me while my hero was away, clearing I didn't initiate that battle
(67:28 / All) SPQR: I didn't know you were going to attack there
(67:36 / All) Rome: I didn't even pay attention to a hero. I only saw an army and figured you were ready
(67:38 / All) Rome: so I attacked
(67:49 / All) Killer_clown: So... We lose?
(67:54 / All) Rome: Good luck faggots in this standoff. I bet you'll leave in 3 minutes like our last one
(67:55 / All) SPQR: Nay sir
(67:59 / All) Rome: No, you have an equal chance of victory
(68:02 / All) Rome: I explained it already
(68:02 / All) SPQR: No one wins until the other leaves
(68:18 / All) iHero_Only: lol im fine with that
(68:30 / All) SPQR: Farewell, gentlemen. Western half reigned supreme!